 Dungeon Crawl Stone Soup version 0.29-a0-187-ga23d9638d5 (webtiles) character file.

Game seed: 15175712695949200927

420 Rennog the Fighter (level 6, -12/78 HPs)
             Began as an Ogre Fighter on Feb 21, 2022.
             Mangled by a mummy (17 damage)
             ... in an ossuary.
             The game lasted 00:04:56 (4322 turns).

Rennog the Fighter (Ogre Fighter)                   Turns: 4322, Time: 00:04:57

Health: -12/78     AC:  4    Str: 21    XL:     6   Next: 94%
Magic:  6/6        EV:  8    Int:  9    God:
Gold:   127        SH:  7    Dex: 10    Spells: 5/5 levels left

rFire   . . .      SeeInvis .   a - +0 flail
rCold   . . .      Faith    .   c - +0 kite shield
rNeg    . . .      Spirit   .   b - +0 robe
rPois   .          Reflect  .   (helmet restricted)
rElec   .          Harm     .   o - +0 cloak
rCorr   .          Rampage  .   (gloves unavailable)
Will    .....                   (boots unavailable)
Stlth   +.........              l - amulet of the acrobat
HPRegen 0.23/turn               (no ring)
MPRegen 0.10/turn               (no ring)

@: no status effects
A: large, unfitting armour, tough skin 1
a: no special abilities


You were in an ossuary.
You visited 1 branch of the dungeon, and saw 6 of its levels.
You also visited: Ossuary.

You collected 127 gold pieces.

Inventory:

Hand Weapons
 a - a +0 flail (weapon)
Armour
 b - a +0 robe (worn)
 c - a +0 kite shield (worn)
 o - a +0 cloak (worn)
Jewellery
 l - an amulet of the acrobat (around neck)
Scrolls
 d - a scroll of blinking {unknown}
 f - a scroll of vulnerability {unknown}
 g - 2 scrolls of teleportation {unknown}
 i - a scroll of enchant armour {unknown}
 n - 2 scrolls of noise {unknown}
 p - a scroll of torment {unknown}
Potions
 e - a potion of lignification {unknown}
 h - a potion of ambrosia {unknown}
 j - a potion of degeneration {unknown}
 k - a potion of flight {unknown}
 m - a potion of curing {unknown}
 q - 2 potions of heal wounds {unknown}


   Skills:
 * Level 9.9 Fighting
 * Level 1.7 Maces & Flails
 - Level 2.6 Dodging
 - Level 2.6 Shields


You had 5 spell levels left.
You didn't know any spells.
Your spell library contained the following spells:

 Spells                   Type           Power      Damage    Failure   Level
 Dazzling Flash           Conj/Hex       0%         N/A       96%         3
 Agony                    Necr           0%         N/A       100%        5
 Silence                  Hex/Air        0%         N/A       100%        5


Dungeon Overview and Level Annotations

Branches:
Dungeon (6/15)            Ossuary (1/1)
 Temple: D:4-7

Altars:

Annotations:
D:5 Grinder
D:6 Edmund


Innate Abilities, Weirdness & Mutations

You are too large for most types of armour.
You have tough skin. (AC +1)


Message History

You climb upwards.
You hear the hiss of flowing sand.
There is an entrance to an ossuary on this level.
Hurry and find it before the portal is buried!
The jackal barks!
You hear a shout!
You hear an angry hiss.
There is a stone staircase leading down here.
Grinder blinks!
Found a stone staircase leading up.
Found a sand-covered staircase.
A goblin zombie and a rat zombie come into view.
Found a scroll labelled IREJUCANIZ.
There is a sand-covered staircase here.
The phantom hits you.
The world spins around you as you enter the gateway.
You enter an ossuary!
Found a gate leading back out of this place.
There is an empty arch of ancient stone here.
There is a gate leading back out of this place here.
There is a gate leading back out of this place here.
You hit the mummy.
The mummy is lightly damaged.
The mummy hits you! The mummy hits you!
You sock the mummy!
The mummy is heavily damaged.
You thump the mummy!
The mummy is almost destroyed.
The mummy barely misses you.
You hit the mummy but do no damage.
The mummy is almost destroyed.
The mummy misses you. The mummy hits you! The mummy barely misses you.
You hit the mummy but do no damage.
The mummy is almost destroyed.
The mummy hits you! The mummy hits you. x2
* * * LOW HITPOINT WARNING * * *
You closely miss the mummy.
The mummy is almost destroyed.
The mummy hits you!
* * * LOW HITPOINT WARNING * * *
The mummy hits you!
You die...

##+##
#@M.#
#MM.#
#...#
#.∩.#
#...#
#.....#
#.#.#.#
#######


You could see 3 mummies.

Vanquished Creatures
  Sigmund (D:3)
  Crazy Yiuf (D:2)
  Natasha (thrice) (D:3)
  An orc wizard (D:2)
  7 adders
  2 worms
  4 dart slugs
  3 orcs (D:2)
  4 ball pythons
  7 bats
  4 endoplasms
  A giant cockroach (D:3)
  3 goblins
  6 hobgoblins
  4 jackals (D:2)
  3 kobolds
  A quokka (D:1)
  5 frilled lizards
  2 rats
62 creatures vanquished.

Notes
Turn   | Place    | Note
-------+----------+-------------------------------------------
     0 | D:1      | Rennog the Ogre Fighter began the quest for the Orb.
     0 | D:1      | Reached XP level 1. HP: 24/24 MP: 1/1
   223 | D:1      | Reached XP level 2. HP: 31/33 MP: 2/2
   464 | D:1      | Reached skill level 5 in Fighting
  1164 | D:2      | Reached XP level 3. HP: 24/42 MP: 3/3
  1359 | D:2      | HP: 2/44 [jackal (2)]
  1365 | D:2      | Reached skill level 6 in Fighting
  1365 | D:2      | HP: 1/44 [jackal (1)]
  1881 | D:2      | Reached XP level 4. HP: 49/53 MP: 4/4
  2119 | D:2      | Reached skill level 7 in Fighting
  2442 | D:2      | Found a runed translucent door.
  2443 | D:2      | Noticed Crazy Yiuf
  2471 | D:2      | Reached XP level 5. HP: 37/62 MP: 5/5
  2823 | D:3      | Noticed Natasha
  2832 | D:3      | Killed Natasha
  2925 | D:3      | Noticed Natasha
  2932 | D:3      | Killed Natasha
  2933 | D:3      | Reached skill level 8 in Fighting
  3504 | D:3      | Noticed Sigmund
  3514 | D:3      | Killed Sigmund
  3515 | D:3      | Reached skill level 9 in Fighting
  3515 | D:3      | Reached XP level 6. HP: 64/76 MP: 6/6
  3760 | D:3      | Noticed Natasha
  3767 | D:3      | Killed Natasha
  4092 | D:2      | Killed Crazy Yiuf
  4252 | D:4      | You fall into a shaft and drop 2 floors!
  4257 | D:6      | Noticed Edmund
  4283 | D:6      | Identified the +3 rapier of Peesememo {holy, rC+ Str+5}
  4293 | D:5      | Entered Level 5 of the Dungeon
  4293 | D:5      | Noticed Grinder
  4301 | D:5      | Found a sand-covered staircase.
  4308 | Ossuary  | Entered an ossuary
  4322 | Ossuary  | Mangled by a mummy

Illustrated notes

Levels and vault maps discovered:
D:1:      kennysheep_arrival_seaside, layout_basic, minmay_misc_feat_rows,
          chequers_serial_rivers_small_3
D:2:      layout_loops_cross, uniq_crazy_yiuf_cottage
D:3:      layout_basic, uniq_natasha, uniq_sigmund
D:4:      layout_basic, uniq_duvessa
D:5:      lemuel_insect_pit, layout_cave_pools, palyth_temple_overflow_mages,
          serial_gnoll_camp, gnoll_camp_mini_shop, gnoll_camp_mini_doghouse,
          gnoll_camp_mini_basic, gnoll_camp_mini_basic, gnoll_camp_mini_hut,
          enter_ossuary_4, uniq_blork_the_orc, uniq_grinder
D:6:      layout_rooms, mainiacjoe_overflow_concentric_impassable,
          grunt_dithmenos_smoke, uniq_edmund
Ossuary:  ossuary_minmay_chase

Skill      XL: |  1  2  3  4  5 |
---------------+----------------+-----
Fighting       | 5 6 7 9 |  9.9
Maces & Flails | |  1.7
Dodging        | |  2.6
Shields        | |  2.6

Action                   |  1- 3 |  4- 6 || total
-------------------------+-------+-------++-------
Melee: Flail             |   115 |   150 ||   265
  Use: Potion            |     1 |       ||     1
Armor: Robe              |    51 |    45 ||    96
Dodge: Dodged            |    45 |    53 ||    98
Block: Kite shield       |    58 |    49 ||   107

Table legend: (Time is in decaauts)
 A = Elapsed time spent in this place.
 B = Non-inter-level travel time spent in this place.
 C = Inter-level travel time spent in this place.
 D = Time resting spent in this place.
 E = Time spent auto-exploring this place.
 F = Levels seen in this place.
 G = Mean time per level.
                   A        B        C        D        E       F      G
               +--------+--------+--------+--------+--------+-----+--------+
         Total |   4444 |   4329 |    115 |      0 |   3597 |   7 |  634.9 |
       Dungeon |   4428 |   4313 |    115 |      0 |   3597 |   6 |  738.0 |
       Ossuary |     16 |     16 |      0 |      0 |      0 |   1 |   16.0 |
               +--------+--------+--------+--------+--------+-----+--------+

Top non-repeatable levels by time:
     D:2: 1937 daAuts
     D:3: 1278 daAuts
     D:1: 1051 daAuts
     D:4: 105 daAuts
     D:6: 40 daAuts
 Ossuary: 16 daAuts
     D:5: 14 daAuts
